Darkness, lawful female human Valkyrie ---- -.. --- .. ..- . ..--.- -....| ....| --...| |....--- ----......| |......--.--- -#- . |......||...| #--.-# ---....|---*--- --- |.d.h- - --- --...-- |...| --.---.%@........| --....-----.----.......*#.##-- - --......---|...|.....).....| |...---<..|--............--- --.-- --..| |...........-- --- ---- ---..--.|.--- --------- Darkness the Skirmisher Experience level: 5 Strength: 18 Dexterity: 14 Constitution: 16 Intelligence: 9 Wisdom: 10 Charisma: 8 Health: 0(44) Energy: 14(14) Def: 6 Gold: 229 Moves: 1811 Dungeon seed: Cc8KW5hyhQGTc01R Game ID: Darkness_1512821222 Your Inventory: Coins $ - 229 gold pieces Weapons a - an uncursed +1 long sword (weapon in hand) b - an uncursed +0 dagger (alternate weapon; not wielded) m - an uncursed +0 dwarvish spear Armor e - an uncursed +3 small shield (being worn) n - an uncursed +0 pair of water walking boots (being worn) r - an uncursed +0 orcish helm (being worn) Comestibles c - 3 uncursed food rations f - 3 uncursed lichen corpses h - 2 uncursed sprigs of wolfsbane k - an uncursed banana p - an uncursed slime mold v - an uncursed fortune cookie Scrolls g - an uncursed scroll of light o - an uncursed scroll of genocide s - 2 uncursed scrolls of identify t - an uncursed scroll of remove curse w - a cursed scroll of enchant weapon Wands u - an uncursed wand of enlightenment (0:13) x - an uncursed wand of light (0:11) Tools d - an uncursed oil lamp (0:1452) i - an uncursed lock pick j - an uncursed blindfold Gems q - an uncursed worthless piece of black glass Spells and supernatural/magical abilities: Spells marked with '*' are forgotten. Spells marked with '!' are maintained. Spells marked with '#' are aliased with 'castalias'. Name Level Category Fail Memory W - pray for help -- divine ? -- Your skills at the end: Fighting Skills wands [Basic] Weapon Skills dagger [Basic] long sword [Basic] Spellcasting Skills Final Attributes: You were immune to cold. You were stealthy. You could walk on water. You last prayed 617 turns ago. You are dead. Vanquished creatures: 2 small mimics a rock mole 2 gnome lords a homunculus an orc zombie 2 acid blobs a gas spore a hobgoblin 8 gnomes 3 geckos 5 jackals a fox a kobold 2 goblins 2 grid bugs 3 bats 6 lichens a kobold zombie 2 newts 45 creatures vanquished. Voluntary challenges: You used a wielded weapon 39 times, starting on turn 7. You read items or engraved 1 time, starting on turn 1548. You never genocided any monsters. You never polymorphed an object. You never changed form. You used no wishes. You never split a pudding. You never wrote Elbereth's name. You never violated your personal moral code. Dungeon overview: The Dungeons of Doom: levels 1 to 3 Level 1 some fountains a long staircase Level 2 a weapon shop, a fountain, a vault Level 3 a fountain stairs to The Gnomish Mines The Gnomish Mines: Level 4 <- You were here stairs to The Dungeons of Doom History has recorded: On T:1 you entered the Dungeons of Doom to retrieve the Amulet of Yendor! On T:521 you advanced to experience level 2. On T:557 you reached level 2 of The Dungeons of Doom. On T:667 you advanced to experience level 3. On T:963 you advanced to experience level 4. On T:1095 you reached level 3 of The Dungeons of Doom. On T:1398 you advanced to experience level 5. On T:1484 you reached level 1 of The Gnomish Mines. Score breakdown: Gold: 229 ( 8033 points) Experience: 5 levels (11141 points) Exploration: 4 levels ( 8.51%) ( 7661 points) Discoveries: 0 items ( 0.00%) ( 0 points) Valuables value: (no points given unless you survive) Artifact value: 0 ( 0 points) Variety of kills: 19 monsters ( 5.00%) ( 6708 points) Turncount: 1811 turns ( 0 points) Survival: died (score multiplied by 80%) Total score: 26834 Latest messages: You are hit! (2x) It misses. (2x) You hear crashing rock. You are hit! (4x) It misses. You are hit! (2x) You hear crashing rock. It misses. You attack thin air. It misses. (2x) You hear some noises nearby. (3x) You are hit! It misses. (2x) You are hit! It misses. You can see again. The dwarf queen thrusts her dwarvish short sword at you. The dwarf queen hits! The dwarf queen thrusts her dwarvish short sword at you. The dwarf queen hits! The dwarf queen thrusts her dwarvish short sword at you. The dwarf queen hits! The dwarf queen thrusts her dwarvish short sword at you. The dwarf queen hits! You die... Final status: Farvel Darkness the Valkyrie, killed by a dwarf queen... You died in The Gnomish Mines on dungeon level 4 with 26834 points, and 229 pieces of gold, after 1811 moves. You were level 5 with a maximum of 44 hit points when you died.